 Dungeon Crawl Stone Soup version bcrawl-1.38.2 (webtiles) character file.

Game seed: 9174865032369217751

15950296 SneedManIsMyWife the Warrior (level 22, -11/149 HPs)
             Began as a Skeleton Martial Artist on Apr 27, 2023.
             Was a High Priest of Wu Jian.
             Killed from afar by a spriggan air mage (30 damage)
             ... with a bolt of lightning
             ... on level 5 of the Depths on Apr 28, 2023.
             The game lasted 01:15:31 (30632 turns).

SneedManIsMyWife the Warrior (SkMA)                Turns: 30632, Time: 01:15:31

Health: -11/149    AC: 41    Str: 33    XL:     22   Next: 9%
Magic:  0/43       EV:  7    Int: 11    God:    Wu Jian [*****.]
Gold:   1520       SH: 27    Dex: 11    Spells: 54/55 levels left

rFire    + . .     GDR:     36%   - Fists (41.3)
rCold    + + .     SeeInvis .   m - +0 large shield
rNeg     + + +     Gourm    .   j - +4 iron dragon scales
rPois    ∞         Faith    .   f - +2 helmet
rElec    .         Spirit   +   I - scarf {rC+ rF+}
rCorr    .         Reflect  +   b - +2 pair of gloves
MR       ++++.                  i - +0 pair of boots
Stlth    ..........             A - +4 amulet of reflection
HPRegen  0.34/turn              P - ring "Sashehin" {rPois MR+ Str+7}
MPRegen  0.28/turn              C - ring of Robustness {AC+8}

@: corroded, studying Stealth
A: no food or potions, cold resistance 1, deterioration 1, negative energy
resistance 3, powered by death 2, torment resistance, unbreathing, magic shield,
sturdy frame 3, spell healing
}: 3/15 runes: serpentine, silver, gossamer
a: Wall Jump, Serpent's Lash, Heavenly Storm, Renounce Religion


You were on level 5 of the Depths.
You worshipped Wu Jian.
Wu Jian was extremely pleased with you.
You were not hungry.

You visited 7 branches of the dungeon, and saw 33 of its levels.
You also visited: Ossuary and Gauntlet.

You collected 4252 gold pieces.
You spent 2732 gold pieces at shops.

Inventory:

Hand Weapons
 p - the +4 battleaxe of the Six Allies {chaos, *Noise Int+3 Dex+6}
   (You took it off a frost giant on level 3 of the Vaults)

   Each time it hits an enemy it has a different, random effect.
   It affects your intelligence (+3).
   It affects your dexterity (+6).
   It may make noises in combat.
   Wu Jian disapproves of the use of such an item.
 U - the +8 arc blade {discharge, rElec}
   (You took it off Nikola on level 1 of the Snake Pit)

   It insulates you from electricity.
Missiles
 g - 2 throwing nets {=f}
 M - 335 javelins of penetration (quivered) {=f}
Armour
 b - a +2 pair of gloves (worn)
   (You found it on level 2 of the Vaults)
 f - a +2 helmet (worn)
   (You found it on level 1 of the Dungeon)
 i - a +0 pair of boots (worn)
   (You found it on level 9 of the Dungeon)
 j - +4 iron dragon scales (worn)
   (You found it on level 3 of the Vaults)
 m - a +0 large shield (worn)
   (You found it on level 3 of the Vaults)
 I - a scarf of resistance (worn)
   (You found it in a Gauntlet)
 J - a +1 cloak of invisibility
   (You found it in a Gauntlet)
Jewellery
 c - an uncursed ring of protection from cold
   (You found it on level 6 of the Dungeon)
 n - an uncursed ring of see invisible
   (You found it on level 1 of the Dungeon)
 r - the ring "Ruhosoow" {rElec SInv}
   (You took it off a frost giant on level 3 of the Vaults)

   [ring of see invisible]

   It insulates you from electricity.
   It lets you see invisible.
 u - the amulet "Gumo" {RegenMP rElec SInv}
   (You found it on level 3 of the Vaults)

   [amulet of magic regeneration]

   It increases your magic regeneration.
   It insulates you from electricity.
   It lets you see invisible.
 x - the ring of False Pretenses {Fire rPois}
   (You bought it in a shop on level 4 of the Depths)

   [ring of fire]

   It enhances your fire magic.
   It protects you from fire.
   It makes you vulnerable to cold.
   It protects you from poison.
 A - a +4 amulet of reflection (around neck)
   (You found it on level 5 of the Dungeon)
 C - the ring of Robustness (right hand) {AC+8}
   (You bought it in a shop on level 4 of the Depths)

   [ring of protection]

   It affects your AC (+8).
 H - the ring "Polloeff" {+Fly rElec}
   (You found it in a Gauntlet)

   [ring of flight]

   It insulates you from electricity.
   It lets you fly.
 P - the ring "Sashehin" (left hand) {rPois MR+ Str+7}
   (You found it on level 5 of the Lair of Beasts)

   [ring of poison resistance]

   It affects your strength (+7).
   It protects you from poison.
   It affects your resistance to hostile enchantments.
Wands
 a - a wand of iceblast (14)
   (You took it off an ironheart convoker on level 2 of the Vaults)
 e - a wand of disintegration (23)
   (You found it on level 2 of the Lair of Beasts)
 q - a wand of scattershot (4)
   (You found it on level 6 of the Dungeon)
 s - a wand of paralysis (17)
   (You found it on level 7 of the Dungeon)
 v - a wand of digging (7)
   (You took it off a vault sentinel on level 3 of the Vaults)
Scrolls
 d - 6 scrolls of magic mapping
 h - a scroll of fear
 l - 3 scrolls of vulnerability
 o - 6 scrolls of fog
 t - 8 scrolls of teleportation
 w - 20 scrolls of remove curse
 y - 3 scrolls of immolation
 z - a scroll of blinking
 D - a scroll of noise
 K - 5 scrolls of summoning
Miscellaneous
 k - a lightning rod (4/4)
   (You found it on level 6 of the Lair of Beasts)
 B - a phial of floods
   (You found it on level 3 of the Vaults)
 E - a sack of spiders
   (You found it on level 3 of the Vaults)
 G - a lamp of fire
   (You found it on level 4 of the Lair of Beasts)


   Skills:
 + Level 19.1 Fighting
 - Level 16.0 Short Blades
 + Level 16.7 Armour
 + Level 11.7 Dodging
 - Level 1.2 Stealth
 + Level 17.1 Shields
 - Level 16.1 Unarmed Combat
 + Level 17.4 Spellcasting
 - Level 1.1 Hexes
 - Level 5.0 Evocations


You had 54 spell levels left.
You knew the following spells:

 Your Spells              Type           Power        Failure   Level  Hunger
a - Confusing Touch       Hex            ##......     100%        1    N/A

Your spell library contained the following spells:

 Spells                   Type           Power        Failure   Level  Hunger
 Throw Frost              Conj/Ice       #.....       99%         2    N/A
 Apportation              Tloc           #.....       100%        1    N/A
 Corona                   Hex            ##.....      100%        1    N/A
 Flame Tongue             Conj/Fire      #....        100%        1    N/A
 Freeze                   Ice            #.....       100%        1    N/A
 Infusion                 Chrm           #.......     100%        1    N/A
 Magic Dart               Conj           #...         100%        1    N/A
 Sandblast                Erth           #.....       100%        1    N/A
 Slow                     Hex            ##......     100%        1    N/A
 Static Discharge         Air            #.....       100%        1    N/A
 Sting                    Conj/Pois      #...         100%        1    N/A
 Summon Butterflies       Summ           #.......     100%        1    N/A
 Summon Small Mammal      Summ           #...         100%        1    N/A
 Blink                    Tloc           N/A          100%        2    N/A
 Call Imp                 Summ           #.....       100%        2    N/A
 Flaming Arrows           Chrm/Fire      #.......     100%        2    N/A
 Passwall                 Tmut/Erth      #.......     100%        2    N/A
 Poisonous Vapours        Pois/Air       #.....       100%        2    N/A
 Searing Ray              Conj           #.......     100%        2    N/A
 Shackle                  Hex            ##......     100%        2    N/A
 Swiftness                Chrm/Air       #.......     100%        2    N/A
 Call Canine Familiar     Summ           #.......     100%        3    N/A
 Conjure Flame            Conj/Fire      #.......     100%        3    N/A
 False Image              Hex/Summ       ##......     100%        3    N/A
 Ignite Poison            Fire/Tmut/Pois #.......     100%        3    N/A
 Inner Flame              Hex/Fire       N/A          100%        3    N/A
 Iskenderun's Mystic Bla  Conj           #.......     100%        3    N/A
 Mephitic Cloud           Conj/Pois/Air  #.......     100%        3    N/A
 Ozocubu's Armour         Chrm/Ice       #.......     100%        3    N/A
 Cause Fear               Hex            ##........   100%        4    N/A
 Fulminant Prism          Conj/Hex       ##........   100%        4    N/A
 Lightning Bolt           Conj/Air       #.......     100%        4    N/A
 Olgreb's Toxic Radiance  Pois           #........    100%        4    N/A
 Petrify                  Tmut/Erth      #.........   100%        4    N/A
 Sticky Flame             Conj/Fire      #.......     100%        4    N/A
 Summon Ice Beast         Ice/Summ       #.......     100%        4    N/A
 Summon Scorpions         Summ/Pois      #.......     100%        4    N/A
 Throw Icicle             Conj/Ice       #.......     100%        4    N/A
 Yara's Violent Unravell  Hex/Tmut       ##........   100%        4    N/A
 Fireball                 Conj/Fire      #.........   100%        5    N/A
 Freezing Cloud           Ice/Air        #.......     100%        5    N/A
 Irradiate                Conj/Tmut      #.........   100%        5    N/A
 Lee's Rapid Deconstruct  Erth           #.........   100%        5    N/A
 Metabolic Englaciation   Hex/Ice        ##........   100%        5    N/A
 Passage of Golubria      Tloc           N/A          100%        5    N/A
 Steam Barrier            Chrm/Fire      #.........   100%        5    N/A
 Summon Lightning Spire   Summ/Air       #.......     100%        5    N/A
 Venom Bolt               Conj/Pois      #.........   100%        5    N/A
 Bolt of Fire             Conj/Fire      #.........   100%        6    N/A
 Conjure Ball Lightning   Conj/Air       #.........   100%        6    N/A
 Darkness                 Hex            ##........   100%        6    N/A
 Infestation              Hex/Tmut/Pois  ##.......    100%        6    N/A
 Invisibility             Hex            ##......     100%        6    N/A
 Ozocubu's Refrigeration  Ice            #.........   100%        6    N/A
 Virulence                Hex/Pois       ##......     100%        6    N/A
 Discord                  Hex            ##........   100%        7    N/A
 Icicle Burst             Conj/Ice       #.........   100%        7    N/A
 Mana Rupture             Conj/Hex       ##........   100%        7    N/A
 Orb of Destruction       Conj           #.........   100%        7    N/A
 Chain Lightning          Conj/Air       #.........   100%        8    N/A
 Glaciate                 Conj/Ice/Air   #.........   100%        8    N/A
 Ignition                 Fire           #.........   100%        8    N/A
 Lehudib's Crystal Spear  Conj/Erth      #.........   100%        8    N/A
 Tornado                  Tloc/Air       #.........   100%        8    N/A
 Dragon's Call            Summ           #.........   100%        9    N/A
 Fire Storm               Conj/Fire      #.........   100%        9    N/A
 Shatter                  Erth           #.........   100%        9    N/A
 Sublimation of Blood     Necr           Unusable     N/A         2    N/A
 Spider Form              Tmut/Pois      Unusable     N/A         3    N/A
 Ice Form                 Ice/Tmut       Unusable     N/A         4    N/A
 Dragon Form              Tmut           Unusable     N/A         7    N/A

Dungeon Overview and Level Annotations

Branches:
Dungeon (12/12)            Temple (0/1) D:7            Lair (6/6) D:9
  Snake (3/3) Lair:3       Spider (3/3) Lair:3        Slime (0/5) Lair:6
    Orc (1/1) D:10            Elf (0/3) Orc          Vaults (3/3) D:12
 Depths (5/5) D:12            Zot (0/5) Depths:5
  Crypt: Vaults:1-2

Altars:
Gozag
Lugonu
Makhleb
Qazlal
Ru
Sif Muna
Uskayaw
Vehumet
Wu Jian
Yredelemnul

Shops:
D:5 !   D:6 (   D:10 [   Orc (}%}%   Snake:1 :   Vaults:1 *   Depths:4 ==}

Portals:
Abyss: D:5 Depths:1

Annotations:
Lair:6 exclusion: oklob plant
Spider:1 exclusion: orange crystal statue


Innate Abilities, Weirdness & Mutations

You do not eat or drink.
You are immune to poison.
Your flesh is cold resistant. (rC+)
Your body sometimes deteriorates upon taking damage.
You are immune to negative energy. (rN+++)
You regenerate health from kills.
You are immune to unholy pain and torment.
You can survive without breathing.
When hurt, damage is shared between your health and your magic reserves.
Your movements are significantly less encumbered by armour. (ER -6)
Casting spells heals you.


Message History

A blue arc grounds itself harmlessly.
You kill the stone giant!
The Council accepts your kill.
You feel less exhausted.
Your surroundings suddenly seem different.
A caustic shrike comes into view. x2
You block the caustic shrike's attack. The caustic shrike claws you!
The acid corrodes you!
You are splashed with acid!
* * * LOW HITPOINT WARNING * * *
A brown ugly thing comes into view.
You block the caustic shrike's attack.
A very ugly thing and a caustic shrike come into view.
You have encountered a dangerous foe!
Saving game... please wait.
Welcome back, SneedManIsMyWife the Skeleton Martial Artist.
The Council says: Follow the path of wisdom and battle!
Press m to set your skill training.
Press ? for a list of commands and other information.
As you read the scroll of teleportation, it crumbles to dust.
You feel strangely unstable. You block the caustic shrike's attack.
The caustic shrike claws you but does no damage.
The caustic shrike claws you.
You are splashed with acid!
* * * LOW HITPOINT WARNING * * *
A yaktaur comes into view.
You block the caustic shrike's attack.
You puncture the caustic shrike!
The arc blade crackles.
The caustic shrike is struck by an arc of lightning!!
The caustic shrike is moderately wounded.
The caustic shrike is struck by an arc of lightning!
The caustic shrike is lightly wounded.
You resist.
You are struck by an arc of lightning.
* * * LOW HITPOINT WARNING * * *
The caustic shrike is struck by an arc of lightning!!
The caustic shrike is moderately wounded.
You resist.
You are struck by an arc of lightning.
* * * LOW HITPOINT WARNING * * *
The brown very ugly thing is struck by an arc of lightning!
The brown very ugly thing is lightly wounded.
The caustic shrike is moderately wounded.
You block the caustic shrike's attack. x2
The caustic shrike claws you but does no damage.
The air is filled with shimmering golden clouds!
Sifu Cai Fang says: The storm will not cease as long as you keep fighting, disciple!
You block the caustic shrike's attack. x2; The caustic shrike claws you.
* * * LOW HITPOINT WARNING * * *
You are splashed with acid!
* * * LOW HITPOINT WARNING * * *
You block the caustic shrike's attack.
A brown very ugly thing comes into view.
There is nothing to wall jump against here.
Unknown command.
Okay, then.
As you read the scroll of fear, it crumbles to dust.
You assume a fearsome visage.
The caustic shrike looks frightened! x2
The caustic shrike resists with some effort.
The brown very ugly thing looks frightened! x2
The brown ugly thing looks frightened!
Your surroundings suddenly seem different.
The sentinel's mark upon you fades away.
The brown very ugly thing moves out of view.
The heavenly storm settles.
z - a scroll of blinking;
E - a sack of spiders
There are no items here.
A spriggan air mage comes into view.
The spriggan air mage shouts!
You hear a shout!
The spriggan air mage moves out of view.
You lunge at the spriggan air mage, in a flurry of attacks.
You puncture the spriggan air mage!
The spriggan air mage is moderately wounded.
You hit the spriggan air mage.
The spriggan air mage is moderately wounded.
You block the spriggan air mage's attack.
You hit the spriggan air mage.
The spriggan air mage is heavily wounded.
You block the spriggan air mage's attack.
Your shield prevents you from hitting the spriggan air mage.
The spriggan air mage is heavily wounded.
You closely miss the spriggan air mage.
The spriggan air mage is heavily wounded.
The spriggan air mage hits you but does no damage.
You miss the spriggan air mage.
The spriggan air mage is heavily wounded.
A titan opens the door.
You block the spriggan air mage's attack.
You completely miss the spriggan air mage.
The spriggan air mage is heavily wounded.
The titan shouts!
You hear a horrible gurgling sound!
Wield which item (- for none, * to show all)? (? for menu, Esc to quit)
The arc blade stops crackling.
You are now empty-handed.
The titan waves its arms in wide circles.
The air twists around and strikes you!
You pummel the spriggan air mage!!
The spriggan air mage is almost dead.
The spriggan air mage casts a spell at you.
The bolt of lightning hits you.
The titan waves its arms in wide circles.
The air twists around and strikes you!!!
* * * LOW HITPOINT WARNING * * *
The spriggan air mage casts a spell at you.
The bolt of lightning hits you!!
You die...

,,,,,,,,,#######.# *,*
,,,,,,,,,#.....#.# *,*
,,,,,,,,,#.....#.# *,*
,,,,,,,,,#.....#.# *,*
,,,,,,,,.#.....#.########*,*
,,,,,,,,...........§.....,,*
,,<,≈≈≈,.#.....#.########********
≈≈,,≈≈≈≈.'...=.i........,,,,,,,,*
≈≈≈≈≈≈≈≈C#.....#@####.##*********
≈≈≈≈≈≈≈≈,#.....#.# *,*
≈≈≈≈≈≈≈,,#######.# *,* ≈≈≈≈≈≈≈,,*
#.#***,* ,≈≈≈≈≈,*,* #..,,,,*
,,,,,,,,,* ****####******
,,,,,,**** *,,,,,,,,,,,,*
*,******** *,,,,,,,,,,,,*
*,******,***,,,,,,,,,,,,*


You could see a spriggan air mage.

Vanquished Creatures
  A juggernaut (Vaults:3)
  Arachne (Spider:2)
  4 caustic shrikes (Depths:5)
  Saint Roka (Orc)
  Gastronok (Orc)
  Jory (Vaults:3)
  Nikola (Snake:1)
  Frances (Spider:2)
  3 tentacled monstrosities (Vaults:3)
  A lich (Vaults:3)
  Asterion (Spider:3)
  A titan (Vaults:3)
  A sphinx (Vaults:1)
  6 tengu reavers
  3 storm dragons (Vaults:3)
  14 nagarajas
  3 shadow dragons (Vaults:3)
  7 frost giants
  6 fire giants
  3 war gargoyles
  An iron dragon (Vaults:3)
  3 deep elf sorcerers (Vaults:3)
  15 vault wardens
  5 ghost moths
  6 emperor scorpions
  10 stone giants
  16 ironheart preservers
  3 very ugly things
  A green draconian (Depths:5)
  5 entropy weavers
  A white draconian (Depths:5)
  A deep elf annihilator (Vaults:3)
  9 dire elephants
  A deep elf death mage (Vaults:3)
  A minotaur (Gauntlet)
  The ghost of Vig Uhad the Martial Artist, a journeyman OpTm of Cheibriados (Lair:5)
  Azrael (Orc)
  A spark wasp (Spider:3)
  A crystal guardian (Vaults:3)
  6 fire dragons
  3 ettins (Vaults:3)
  A deep elf high priest (Depths:4)
  34 vault guards
  5 yaktaur captains
  8 hydras
  19 naga warriors
  A spriggan air mage (Depths:2)
  3 rakshasas
  2 ice dragons
  8 ogre magi
  9 anacondas
  An anaconda (shapeshifter) (Vaults:3)
  Sonja (Orc)
  A shadow wraith (Vaults:3)
  A merfolk avatar (Lair:6)
  2 death knights
  2 great orbs of eyes
  A tengu warrior (Depths:5)
  28 two-headed ogres
  4 dancing weapons (Vaults:3)
  3 deep troll earth magi (Vaults:1)
  8 sea snakes (Snake:3)
  2 orc high priests (Orc)
  16 naga sharpshooters
  3 deep troll shamans
  2 spriggan berserkers (Depths:5)
  4 ironheart beastmasters
  A soul eater (Vaults:3)
  6 shock serpents
  5 deep trolls
  3 deep elf knights (Vaults:3)
  20 centaur warriors
  6 hell knights (Vaults:2)
  A skeletal warrior (Vaults:1)
  An iron troll (Depths:1)
  4 salamander mystics
  3 glowing orange brains
  16 ironheart convokers
  3 deep elf archers
  5 wizards
  A harpy (Lair:6)
  6 phantasmal warriors (Vaults:3)
  2 flayed ghosts
  A lindwurm (shapeshifter) (Vaults:3)
  2 necromancers
  A cyclops (shapeshifter) (Vaults:3)
  Pikel (D:4)
  2 cyclopes
  12 orb spiders
  5 mana vipers
  22 wolf spiders
  2 orange crystal statues
  4 naga ritualists
  An orc knight (Orc)
  A mana viper (shapeshifter) (D:12)
  6 orc sorcerers (Orc)
  6 deep elf magi (Vaults:3)
  A manticore (Lair:6)
  A tengu skeleton (Vaults:3)
  8 elephants
  23 ugly things
  9 guardian serpents
  4 moths of wrath
  20 salamanders
  7 naga magi
  8 vault sentinels
  31 black mambas
  3 torpor snails
  A water nymph (shapeshifter) (Vaults:3)
  11 cane toads
  9 rime drakes
  23 jumping spiders
  5 freezing wraiths
  2 efreet (D:12)
  12 demonic crawlers
  2 rime drakes (shapeshifter) (D:12)
  A tengu conjurer (Depths:4)
  19 yaktaurs
  A komodo dragon (shapeshifter) (Vaults:3)
  An eye of draining (D:9)
  15 komodo dragons
  A red devil (Vaults:3)
  A wind drake (Lair:6)
  3 polar bears
  14 hornets
  8 trolls
  2 harpy skeletons (D:11)
  2 meliai zombies
  9 hippogriffs
  14 dream sheep
  3 human simulacra
  A dream sheep (shapeshifter) (Vaults:3)
  3 blink frogs (Lair:6)
  4 slime creatures
  3 spriggans
  Sigmund (D:3)
  13 tarantellas
  8 shadows (Gauntlet)
  4 wyverns
  A tarantella (shapeshifter) (D:11)
  39 yaks
  3 wraiths
  2 basilisks
  3 fire elementals (Orc)
  2 hungry ghosts
  A steam dragon (Lair:4)
  37 redbacks
  10 crocodiles
  2 wargs
  48 nagas
  An acid dragon (D:11)
  8 water moccasins
  9 porcupines
  4 hell hounds (Orc)
  Purgy (D:4)
  A hornet zombie (D:12)
  4 ice beasts
  2 slaves (D:4)
  A sky beast (D:9)
  A black bear (Lair:6)
  23 orc warriors
  4 phantoms
  A human zombie (Vaults:3)
  10 boggarts
  An ettin simulacrum (Vaults:3)
  32 wolves
  19 ogres
  3 kobold brigands
  Blork the orc (D:4)
  16 bullfrogs
  A gnoll sergeant (D:10)
  A water moccasin zombie (Ossuary)
  16 centaurs
  7 scorpions
  19 killer bees
  8 wights
  4 electric eels
  23 orc priests
  3 howler monkeys
  4 crimson imps
  A quasit (D:8)
  7 hounds
  2 jellies
  4 bullfrog skeletons
  28 orc wizards
  Jessica (D:3)
  Terence (D:2)
  2 iguanas
  Natasha (thrice) (D:3)
  16 worker ants
  A hound zombie (D:7)
  A hound skeleton (D:9)
  2 mummies (Ossuary)
  12 gnolls
  A howler monkey skeleton (D:5)
  10 adders
  3 shadow imps
  2 adder skeletons
  5 adder zombies
  A worm (shapeshifter) (Vaults:3)
  3 leopard geckos
  79 orcs
  A ball python (D:3)
  3 bats
  8 giant cockroaches
  5 goblins
  5 hobgoblins
  9 jackals
  20 kobolds
  5 quokkas
  4 frilled lizards
  3 gnoll zombies (Ossuary)
  5 hobgoblin zombies (Ossuary)
  A jackal skeleton (D:4)
  6 kobold zombies (Ossuary)
  2 orc zombies (Ossuary)
  A quokka skeleton (D:2)
  7 rats
  2 lurking horrors (D:5)
1428 creatures vanquished.

Vanquished Creatures (others)
  A yaktaur captain (Vaults:2)
  A skeletal warrior (Vaults:3)
  2 centaur warriors (Vaults:1)
  A phantasmal warrior (Vaults:3)
  4 yaktaurs
  A tarantella (Spider:3)
  A redback (Spider:3)
  A boggart (Vaults:3)
  A wight (D:11)
  An orc (Orc)
  5 fungi
  46 plants
65 creatures vanquished.

Grand Total: 1493 creatures vanquished

Notes
Turn   | Place    | Note
-------+----------+-------------------------------------------
     0 | D:1      | SneedManIsMyWife the Skeleton Martial Artist began the
                  | quest for the Orb.
     0 | D:1      | Reached XP level 1. HP: 14/14 MP: 3/3
   951 | D:2      | Reached XP level 2. HP: 19/19 MP: 4/4
  1006 | D:2      | Reached skill level 4 in Unarmed Combat
  1006 | D:2      | Reached XP level 3. HP: 10/24 MP: 1/5
  1011 | D:2      | Reached skill level 4 in Fighting
  1119 | D:2      | Found a faded altar of an unknown god.
  1234 | D:2      | Noticed Terence
  1250 | D:2      | Killed Terence
  1251 | D:2      | Reached XP level 4. HP: 30/30 MP: 4/6
  1360 | D:2      | HP: 2/30 [orc priest/cursed -1 flail (4)]
  1967 | D:3      | Reached ** piety under Wu Jian
  1984 | D:2      | Reached skill level 5 in Fighting
  2010 | D:3      | Reached XP level 5. HP: 18/35 MP: 3/7
  2340 | D:3      | Reached skill level 1 in Armour
  2482 | D:3      | Noticed Natasha
  2489 | D:3      | Killed Natasha
  2511 | D:3      | Noticed Jessica
  2522 | D:3      | Killed Jessica
  2523 | D:3      | Gained mutation: You regenerate a little health from kills.
                  | [Skeleton growth]
  2523 | D:3      | Reached XP level 6. HP: 40/41 MP: 6/8
  2544 | D:3      | Found a glowing drain.
  2588 | D:3      | Noticed Sigmund
  2602 | D:3      | Killed Sigmund
  2603 | D:3      | Reached skill level 6 in Fighting
  2603 | D:3      | Reached skill level 3 in Armour
  2603 | D:3      | Reached skill level 5 in Unarmed Combat
  2760 | D:3      | Noticed Natasha
  2768 | D:3      | Killed Natasha
  2806 | D:3      | Reached *** piety under Wu Jian
  2807 | D:3      | Reached skill level 4 in Armour
  2807 | D:3      | Reached XP level 7. HP: 37/46 MP: 4/9
  3010 | D:3      | Noticed Natasha
  3036 | D:3      | Killed Natasha
  3200 | D:4      | Noticed Blork the orc
  3208 | D:4      | Killed Blork the orc
  3435 | D:4      | Noticed Pikel
  3492 | D:4      | Killed Pikel
  3493 | D:4      | Reached skill level 7 in Fighting
  3493 | D:4      | Reached skill level 6 in Unarmed Combat
  3493 | D:4      | Reached XP level 8. HP: 37/53 MP: 3/10
  3810 | D:4      | Noticed Purgy
  3836 | D:4      | Killed Purgy
  3944 | D:5      | Entered Level 5 of the Dungeon
  3953 | D:5      | Reached skill level 8 in Fighting
  3962 | D:5      | Reached skill level 7 in Unarmed Combat
  3965 | D:5      | Reached skill level 2 in Spellcasting
  4092 | D:5      | Found a white marble altar of Elyvilon.
  4138 | D:5      | Found Poeluss's Distillery.
  4191 | D:5      | Found a shimmering blue altar of Sif Muna.
  4254 | D:5      | Found a basalt altar of Yredelemnul.
  4315 | D:5      | Found a corrupted altar of Lugonu.
  4321 | D:5      | Found a one-way gate to the infinite horrors of the Abyss.
  4400 | D:5      | Reached skill level 3 in Spellcasting
  4437 | D:5      | Found a sand-covered staircase.
  4443 | Ossuary  | Entered an ossuary
  4477 | Ossuary  | Reached **** piety under Wu Jian
  4525 | Ossuary  | Reached skill level 4 in Spellcasting
  4583 | Ossuary  | Reached XP level 9. HP: 51/60 MP: 11/15
  4643 | D:6      | Found Enesolec's Antique Weapon Shop.
  4923 | D:6      | Reached skill level 5 in Spellcasting
  4928 | D:6      | Reached skill level 9 in Fighting
  5023 | D:6      | Reached skill level 8 in Unarmed Combat
  5129 | D:6      | Found a glowing silver altar of Zin.
  5238 | D:6      | Reached ***** piety under Wu Jian
  5704 | D:7      | Reached skill level 10 in Fighting
  5704 | D:7      | Reached skill level 9 in Unarmed Combat
  5803 | D:7      | Gained mutation: Your movements are less encumbered by
                  | armour. (ER -4) [Skeleton growth]
  5803 | D:7      | Reached XP level 10. HP: 38/68 MP: 9/18
  5803 | D:7      | Noticed a centaur warrior
  5807 | D:7      | Killed a centaur warrior
  5812 | D:7      | Reached skill level 6 in Spellcasting
  5896 | D:7      | Reached skill level 4 in Dodging
  6092 | D:7      | Found a staircase to the Ecumenical Temple.
  6121 | D:7      | Found a sacrificial altar of Ru.
  6124 | D:7      | Reached skill level 5 in Armour
  6542 | D:8      | Found a burning altar of Makhleb.
  6542 | D:8      | Found a radiant altar of Vehumet.
  6747 | D:8      | Noticed a two-headed ogre
  6757 | D:8      | Killed a two-headed ogre
  6757 | D:8      | Reached skill level 7 in Spellcasting
  6937 | D:8      | Noticed a +0 dagger
  6939 | D:8      | Noticed a +0 short sword
  6940 | D:8      | Noticed a +0 spear
  6975 | D:8      | Noticed a +0 short sword
  6975 | D:8      | Noticed a +0 dagger
  6975 | D:8      | Noticed a +0 falchion
  6976 | D:8      | Noticed a +0 falchion
  6976 | D:8      | Noticed a +0 spear
  6977 | D:8      | Found a hide-covered altar of Uskayaw.
  7201 | D:8      | Reached skill level 6 in Armour
  7201 | D:8      | Reached skill level 5 in Dodging
  7438 | D:9      | Noticed a two-headed ogre
  7450 | D:9      | Killed a two-headed ogre
  7451 | D:9      | Reached XP level 11. HP: 22/73 MP: 7/21
  7572 | D:9      | Reached skill level 10 in Unarmed Combat
  7631 | D:9      | Noticed a cyclops
  7644 | D:9      | Reached skill level 11 in Fighting
  7651 | D:9      | Killed a cyclops
  7652 | D:9      | Reached skill level 7 in Armour
  7793 | D:9      | Found an opulent altar of Gozag.
  7997 | D:9      | Noticed a two-headed ogre
  8004 | D:9      | Killed a two-headed ogre
  8159 | D:9      | Noticed a two-headed ogre
  8164 | D:9      | Killed a two-headed ogre
  8164 | D:9      | Reached skill level 8 in Armour
  8327 | D:9      | Found a staircase to the Lair.
  8396 | Lair:1   | Entered Level 1 of the Lair of Beasts
  8668 | Lair:1   | Reached skill level 12 in Fighting
  8668 | Lair:1   | Reached skill level 11 in Unarmed Combat
  9211 | Lair:1   | Noticed a five-headed hydra
  9219 | Lair:1   | Killed a five-headed hydra
  9220 | Lair:1   | Reached XP level 12. HP: 56/81 MP: 15/23
  9671 | Lair:2   | Reached skill level 8 in Spellcasting
  9852 | Lair:2   | Reached skill level 6 in Dodging
 10013 | Lair:2   | Reached skill level 9 in Armour
 10290 | Lair:3   | Found a hole to the Spider Nest.
 10462 | Lair:3   | Reached skill level 9 in Spellcasting
 10493 | Lair:3   | Found a staircase to the Snake Pit.
 10585 | Lair:3   | Reached skill level 7 in Dodging
 11379 | Lair:4   | Reached XP level 13. HP: 83/87 MP: 24/26
 11380 | Lair:4   | Reached skill level 13 in Fighting
 11415 | Lair:4   | Reached skill level 10 in Armour
 11618 | Lair:4   | Reached skill level 12 in Unarmed Combat
 11832 | Lair:4   | Found an ornate altar of the Wu Jian Council.
 12224 | Lair:5   | Found a gate leading to a gauntlet.
 12263 | Lair:5   | Found a radiant altar of Vehumet.
 12273 | Gauntlet | Entered a Gauntlet
 12273 | Gauntlet | Found a transporter.
 12273 | Gauntlet | Found a transporter.
 12280 | Gauntlet | Found a transporter.
 12289 | Gauntlet | Found a transporter.
 12302 | Gauntlet | Found a transporter.
 12310 | Gauntlet | Found a transporter.
 12310 | Gauntlet | Noticed a cacodemon
 12312 | Gauntlet | Found a transporter.
 12312 | Gauntlet | Found a transporter.
 12316 | Gauntlet | Found a transporter.
 12350 | Gauntlet | Found a transporter.
 12367 | Gauntlet | Found a transporter.
 12376 | Gauntlet | Found a transporter.
 12415 | Gauntlet | Found a transporter.
 12429 | Gauntlet | Noticed an entropy weaver
 12432 | Gauntlet | Found a transporter.
 12530 | Gauntlet | Found a transporter.
 12545 | Gauntlet | Found a transporter.
 12647 | Gauntlet | Reached skill level 8 in Dodging
 12657 | Gauntlet | Got a warped lapis lazuli ring
 12659 | Gauntlet | Identified the ring "Polloeff" {+Fly rElec} (You found it
                  | in a Gauntlet)
 12773 | Gauntlet | Identified the +6 swamp dragon scales "Nuxathauwa" {+Blink
                  | rPois rN+ Str-3 SInv}
 12773 | Gauntlet | Noticed a minotaur
 12785 | Gauntlet | Killed a minotaur
 12945 | Gauntlet | Got a twisted dagger
 13016 | Lair:5   | Found a transporter.
 13017 | Lair:5   | Noticed Vig Uhad's ghost (journeyman OpTm)
 13241 | Lair:5   | Found a transporter.
 13343 | Lair:5   | Killed Vig Uhad's ghost
 13347 | Lair:5   | HP: 11/88 [black mamba (10)]
 13552 | Lair:5   | Reached skill level 11 in Armour
 13558 | Lair:5   | Got a scintillating ivory ring
 13559 | Lair:5   | Identified the +7 dagger "Pacwuorynn" {pierce, rElec rPois
                  | rF- MR+ MP-9} (You found it in a Gauntlet)
 13579 | Lair:5   | Identified the ring "Sashehin" {rPois MR+ Str+7} (You found
                  | it on level 5 of the Lair of Beasts)
 13996 | Lair:6   | Entered Level 6 of the Lair of Beasts
 14045 | Lair:6   | Reached skill level 9 in Dodging
 14267 | Lair:6   | Reached skill level 14 in Fighting
 14328 | Lair:6   | Reached skill level 13 in Unarmed Combat
 14422 | Lair:6   | Reached XP level 14. HP: 43/96 MP: 15/27
 14579 | Lair:6   | Reached ****** piety under Wu Jian
 14850 | Lair:6   | Found a staircase to the Slime Pits.
 15302 | Spider:1 | Entered Level 1 of the Spider Nest
 15333 | Spider:1 | Reached skill level 15 in Fighting
 15335 | Spider:1 | Noticed a ghost moth
 15338 | Spider:1 | Killed a ghost moth
 15339 | Spider:1 | Reached skill level 14 in Unarmed Combat
 15345 | Spider:1 | Noticed an emperor scorpion
 15355 | Spider:1 | Killed an emperor scorpion
 15938 | Spider:2 | Noticed Frances
 15945 | Spider:1 | Reached skill level 16 in Fighting
 16156 | D:10     | Entered Level 10 of the Dungeon
 16164 | D:10     | Found Oribaekk's Armour Boutique.
 16180 | D:10     | Found a staircase to the Orcish Mines.
 17033 | D:11     | Got a slimy war axe
 17035 | D:11     | Identified the +4 war axe of Yschibre {speed, rF- Str+7}
                  | (You found it on level 11 of the Dungeon)
 17099 | D:11     | Reached XP level 15. HP: 99/104 MP: 26/28
 17610 | D:11     | Reached skill level 15 in Unarmed Combat
 17924 | Orc      | Entered the Orcish Mines
 17924 | Orc      | Noticed Azrael
 17930 | Orc      | Killed Azrael
 17931 | Orc      | Noticed Sonja
 17935 | Orc      | Killed Sonja
 17939 | Orc      | Found a burning altar of Makhleb.
 17997 | Orc      | Found a staircase to the Elven Halls.
 18055 | Orc      | Noticed Gastronok
 18063 | Orc      | Killed Gastronok
 18085 | Orc      | Found Fojefiq's Antique Weapon Emporium.
 18159 | Orc      | Reached skill level 16 in Unarmed Combat
 18170 | Orc      | Found Zarys's Gadget Boutique.
 18170 | Orc      | Found Raixtoyr's Food Boutique.
 18173 | Orc      | Found Lupoeh's Food Shop.
 18175 | Orc      | Found Izequude's Gadget Shop.
 18175 | Orc      | Noticed Saint Roka
 18178 | Orc      | Killed Saint Roka
 18841 | Snake:1  | Entered Level 1 of the Snake Pit
 18910 | Snake:1  | Noticed Nikola
 18911 | Snake:1  | Found Uneviuf's Book Shop.
 18916 | Snake:1  | Killed Nikola
 18917 | Snake:1  | Reached skill level 12 in Armour
 18922 | Snake:1  | HP: 13/104 [salamander/+0 glaive (13)]
 18925 | Snake:1  | Noticed a nagaraja
 18925 | Snake:1  | HP: 3/104 [salamander/+0 glaive (9)]
 18927 | Snake:1  | Reached skill level 13 in Armour
 18929 | Snake:1  | Killed a nagaraja
 19168 | Snake:1  | Noticed a nagaraja
 19183 | Snake:1  | Killed a nagaraja
 19184 | Snake:1  | Reached skill level 2 in Short Blades
 19184 | Snake:1  | Reached skill level 3 in Short Blades
 19193 | Snake:1  | Gained mutation: You regenerate health from kills.
                  | [Skeleton growth]
 19193 | Snake:1  | Reached XP level 16. HP: 61/110 MP: 16/29
 19217 | Snake:1  | Reached skill level 4 in Short Blades
 19383 | Snake:1  | Reached skill level 5 in Short Blades
 19653 | Snake:1  | Reached skill level 6 in Short Blades
 19957 | Snake:2  | Reached skill level 7 in Short Blades
 19964 | Snake:2  | Reached skill level 8 in Short Blades
 19975 | Snake:2  | Reached skill level 9 in Short Blades
 20173 | Snake:2  | Reached skill level 10 in Short Blades
 20341 | Snake:2  | Reached skill level 11 in Short Blades
 20689 | Snake:3  | Entered Level 3 of the Snake Pit
 20701 | Snake:3  | Reached skill level 12 in Short Blades
 20758 | Snake:2  | Reached skill level 13 in Short Blades
 20951 | Snake:3  | Reached skill level 14 in Short Blades
 20952 | Snake:3  | Reached skill level 2 in Shields
 20953 | Snake:3  | Reached XP level 17. HP: 98/115 MP: 14/30
 20955 | Snake:3  | Reached skill level 3 in Shields
 20961 | Snake:3  | Reached skill level 4 in Shields
 20963 | Snake:3  | Reached skill level 5 in Shields
 20967 | Snake:3  | Reached skill level 6 in Shields
 20977 | Snake:3  | Reached skill level 7 in Shields
 21009 | Snake:3  | Reached skill level 8 in Shields
 21011 | Snake:3  | Reached skill level 9 in Shields
 21016 | Snake:3  | Reached skill level 10 in Shields
 21030 | Snake:3  | Identified a lightning rod (4/4) (You found it on level 6
                  | of the Lair of Beasts)
 21030 | Snake:3  | Got a serpentine rune of Zot
 21197 | Snake:3  | Reached skill level 11 in Shields
 21224 | Snake:3  | Found a stormy altar of Qazlal.
 22009 | D:12     | Entered Level 12 of the Dungeon
 22021 | D:12     | Reached skill level 12 in Shields
 22043 | D:12     | Reached skill level 1 in Evocations
 22141 | D:12     | Reached skill level 2 in Evocations
 22244 | D:12     | Found a gate to the Vaults.
 22304 | D:12     | Reached skill level 3 in Evocations
 22738 | D:12     | Reached skill level 4 in Evocations
 22747 | D:12     | Found a staircase to the Depths.
 23108 | Depths:1 | Entered Level 1 of the Depths
 23172 | Vaults:1 | Entered Level 1 of the Vaults
 23212 | Vaults:1 | Reached skill level 5 in Evocations
 23279 | Vaults:1 | Reached XP level 18. HP: 120/120 MP: 20/31
 23356 | Vaults:1 | Reached skill level 13 in Shields
 23366 | Vaults:1 | Reached skill level 14 in Armour
 23584 | Vaults:1 | Reached skill level 14 in Shields
 23637 | Vaults:1 | Reached skill level 15 in Armour
 23765 | Vaults:2 | Reached skill level 15 in Shields
 23873 | Vaults:2 | Identified the cursed +0 plate armour of Dawn {MP+9 Stlth+}
 24307 | Vaults:2 | Reached skill level 10 in Spellcasting
 24739 | Vaults:2 | Reached XP level 19. HP: 108/127 MP: 26/33
 24746 | Vaults:2 | Reached skill level 11 in Spellcasting
 25304 | Vaults:2 | Reached skill level 17 in Fighting
 25684 | Vaults:2 | Reached skill level 12 in Spellcasting
 25804 | Vaults:3 | Entered Level 3 of the Vaults
 25832 | Vaults:3 | Reached skill level 13 in Spellcasting
 25932 | Vaults:3 | Identified the cursed ring of Spite {Dex-2 SInv}
 25934 | Vaults:3 | Noticed Jory
 25941 | Vaults:3 | Killed Jory
 25941 | Vaults:3 | Reached skill level 14 in Spellcasting
 25949 | Vaults:3 | Reached skill level 18 in Fighting
 25957 | Vaults:3 | Reached skill level 15 in Spellcasting
 25985 | Vaults:3 | Gained mutation: Your movements are significantly less
                  | encumbered by armour. (ER -6) [Skeleton growth]
 25985 | Vaults:3 | Reached XP level 20. HP: 123/136 MP: 13/39
 26240 | Vaults:3 | Identified the ring "Jih Kiff" {MP+9 Int+4 Slay+4}
 26259 | Vaults:3 | Reached skill level 10 in Dodging
 26328 | Vaults:3 | Noticed a juggernaut
 26848 | Vaults:3 | Reached skill level 16 in Spellcasting
 26943 | Vaults:3 | HP: 15/137 [juggernaut (23)]
 27220 | Vaults:3 | Identified the +3 leather armour of Fitih {MR++ Dex+4}
 27290 | Vaults:3 | Identified the +4 battleaxe of the Six Allies {chaos,
                  | *Noise Int+3 Dex+6}
 27290 | Vaults:3 | Identified the ring "Ruhosoow" {rElec SInv}
 27322 | Vaults:3 | Reached skill level 15 in Short Blades
 27337 | Vaults:3 | HP: 13/137 [deep elf sorcerer/bolt of acid[an ironheart
                  | preserver] (31)]
 27337 | Vaults:3 | HP: 5/137 [acid[an ironheart preserver] (8)]
 27642 | Vaults:3 | Killed a juggernaut
 27643 | Vaults:3 | Reached skill level 16 in Shields
 27643 | Vaults:3 | Reached XP level 21. HP: 136/142 MP: 37/41
 27975 | Vaults:3 | Identified the +2 ring mail of Purpose {rPois}
 28257 | Vaults:3 | Got a silver rune of Zot
 28552 | Vaults:3 | Identified the amulet "Gumo" {RegenMP rElec SInv}
 28892 | Vaults:1 | Found Idwora Pown's Assorted Antiques.
 29163 | Spider:2 | Killed Frances
 29164 | Spider:2 | Reached skill level 16 in Armour
 29181 | Spider:2 | Noticed Arachne
 29186 | Spider:2 | Killed Arachne
 29198 | Spider:3 | Entered Level 3 of the Spider Nest
 29263 | Spider:3 | Noticed Asterion
 29272 | Spider:3 | Killed Asterion
 29781 | Spider:3 | Reached skill level 11 in Dodging
 29823 | Spider:3 | Got a gossamer rune of Zot
 30290 | Depths:1 | Reached skill level 17 in Spellcasting
 30344 | Depths:2 | Reached skill level 19 in Fighting
 30432 | Depths:5 | Entered Level 5 of the Depths
 30454 | Depths:4 | Found Besaseq's Gadget Emporium.
 30454 | Depths:4 | Found Macrirhiegu's Jewellery Shop.
 30455 | Depths:4 | Found Xosim's Jewellery Shop.
 30469 | Depths:4 | Bought the ring of Robustness {AC+8} for 2264 gold pieces
 30469 | Depths:4 | Found the ring of Robustness {AC+8}
 30477 | Depths:4 | Bought the ring of False Pretenses {Fire rPois} for 468
                  | gold pieces
 30591 | Depths:5 | Noticed a golden dragon
 30596 | Depths:5 | Found a gate to the Realm of Zot.
 30596 | Depths:5 | Reached skill level 16 in Short Blades
 30598 | Depths:5 | Noticed a caustic shrike
 30599 | Depths:5 | Noticed a caustic shrike
 30601 | Depths:5 | Noticed a caustic shrike
 30602 | Depths:5 | Noticed a caustic shrike
 30603 | Depths:5 | Killed a caustic shrike
 30604 | Depths:5 | Killed a caustic shrike
 30604 | Depths:5 | Noticed a caustic shrike
 30605 | Depths:5 | Reached skill level 17 in Shields
 30605 | Depths:5 | Reached XP level 22. HP: 88/149 MP: 21/43
 30605 | Depths:5 | Killed a caustic shrike
 30605 | Depths:5 | Killed a caustic shrike
 30606 | Depths:5 | Noticed a caustic shrike
 30610 | Depths:5 | Noticed a caustic shrike
 30610 | Depths:5 | Noticed a caustic shrike
 30611 | Depths:5 | Noticed a caustic shrike
 30631 | Depths:5 | HP: 19/149 [titan/the air (35)]
 30632 | Depths:5 | Killed from afar by a spriggan air mage

Skill      XL: |  1  2  3  4  5  6  7  8  9 10 11 12 13 14 15 16 17 18 19 20 21 |
---------------+----------------------------------------------------------------+-----
Unarmed Combat | 4 5 6 7 9 11 13 14 16 | 16.1
Fighting       | 4 5 6 7 8 10 12 14 16 18 19 | 19.1
Armour         | 1 4 6 8 9 11 13 15 16 | 16.7
Spellcasting   | 4 5 7 9 10 15 16 17 | 17.4
Dodging        | 5 7 9 10 11 | 11.7
Short Blades   | 3 14 15 16 | 16.0
Shields        | 2 12 15 16 17 | 17.1
Evocations     | 5 |  5.0
Stealth        | |  1.2
Hexes          | |  1.1

Action                   |  1- 3 |  4- 6 |  7- 9 | 10-12 | 13-15 | 16-18 | 19-21 | 22-24 || total
-------------------------+-------+-------+-------+-------+-------+-------+-------+-------++-------
Melee: Unarmed           |    67 |   191 |   584 |   780 |  1187 |   226 |    13 |     1 ||  3049
       Punch             |     1 |     2 |    16 |    32 |    81 |    47 |       |       ||   179
       Rapier            |       |       |       |       |       |   878 |  1367 |    18 ||  2263
Throw: Javelin           |       |     4 |       |     1 |     5 |       |       |       ||    10
       Throwing net      |       |       |       |     1 |       |       |       |       ||     1
 Cast: Confusing Touch   |     3 |    11 |    16 |     6 |     6 |       |       |       ||    42
Invok: Whirlwind         |     5 |    34 |   153 |   307 |   375 |   286 |   569 |     5 ||  1734
       Lunge             |     2 |     9 |    32 |    58 |    81 |    99 |    95 |     1 ||   377
       Heavenly Storm    |       |       |     1 |     5 |     9 |    10 |    19 |     1 ||    45
 Abil: Serpent's Lash    |       |     1 |     5 |    14 |    25 |    16 |    33 |       ||    94
       Wall Jump         |       |       |       |       |     3 |       |     6 |     1 ||    10
       Evoke Invisibilit |       |       |       |       |     2 |       |       |       ||     2
Evoke: Lamp of fire      |       |       |       |       |     1 |       |       |       ||     1
       Phantom mirror    |       |       |       |       |       |       |     1 |       ||     1
       Wand              |       |       |       |       |       |       |     2 |       ||     2
  Use: Scroll            |       |     3 |     3 |     4 |     8 |     2 |    12 |     3 ||    35
 Stab: Confused          |       |     3 |    11 |     1 |       |       |       |       ||    15
       Distracted        |       |       |       |     1 |       |       |     1 |       ||     2
       Paralysed         |       |       |       |     1 |       |       |       |       ||     1
       Invisible         |       |       |       |       |     2 |       |       |       ||     2
       Sleeping          |       |       |       |       |       |     3 |       |       ||     3
       Held in net/web   |       |       |       |       |       |       |     2 |       ||     2
Armor: Robe              |     8 |       |       |       |       |       |       |       ||     8
       Scale mail        |       |    70 |   186 |    89 |       |       |       |       ||   345
       Fire dragon scale |       |       |       |    95 |    54 |       |       |       ||   149
       Swamp dragon scal |       |       |       |       |   309 |   206 |    25 |       ||   540
       Iron dragon scale |       |       |       |       |       |       |   327 |     6 ||   333
Dodge: Dodged            |    36 |    93 |   237 |   310 |   547 |   256 |   131 |       ||  1610
Block: Other             |       |       |    50 |    97 |   138 |    53 |       |       ||   338
       Reflection        |       |       |     2 |     5 |     9 |    32 |    32 |       ||    80
       Medium shield     |       |       |       |       |       |   284 |   284 |       ||   568
       Large shield      |       |       |       |       |       |       |   478 |    20 ||   498

Levels and vault maps discovered:
D:1:      psy_arrival_radial01, layout_loops_ring,
          corexii_item_surrounded_by_moat, hex_medium, minmay_crystal_water,
          minmay_heptomino_o4
D:2:      layout_basic, chequers_ecumenical_altar_island, uniq_terence
D:3:      layout_loops_ring, portal_sewer_entry_b, uniq_jessica, uniq_sigmund,
          uniq_natasha
D:4:      layout_basic, first_ration, uniq_blork_the_orc, uniq_purgy, uniq_pikel
D:5:      layout_rooms, kennysheep_ying_yang, gammafunk_temple_overflow_statue,
          lemuel_blue_sif_altar, serial_shops, shop,
          lightli_ossuary_entry_decrepit_ruins, minmay_misc_feat_secret_circle,
          amcnicky_altar_lugonu_corruption
D:6:      layout_loops_ring, lemuel_round_altar, serial_shops,
          nicolae_shop_stone, kennysheep_cross_room,
          chequers_serial_rivers_micro_e
D:7:      layout_basic, minmay_temple_entry_glassed_door,
          nicolae_ru_great_annihilating_truth
D:8:      layout_loops_ring, grunt_temple_overflow_lords_of_destruction,
          nicolae_uskayaw_en_pointe, grunt_ogre_cave, minmay_increasing_density
D:9:      layout_gridville, grunt_gozag_breadcrumbs, david_lair_shrubbed,
          serial_glass, glass_columns_a, glass_columns_b, glass_columns_a
D:10:     layout_loops_cross, orc_david_3, small_statue_alley_b
D:11:     layout_basic
D:12:     hangedman_depths_entry_try_elsewhere_first, layout_long_grid,
          david_vaults_2
Lair:1:   layout_regular_city
Lair:2:   beast_lair_carwin_large_1, layout_regular_city, serial_bayou,
          serial_bayou_pond_e, serial_bayou_lagoon_a, serial_bayou_crossing,
          serial_bayou_shore_a, chequers_serial_rivers_large_a
Lair:3:   layout_regular_city, minmay_snake_entry_guardpost_medium,
          spider_nest_entry_web_field, grunt_forest_large_clearings
Lair:4:   layout_concentric_octagons, basic_altar, grunt_megastairs_4,
          lemuel_fruit_tree
Lair:5:   layout_loops_ring, gauntlet_entry_generic,
          gammafunk_ghost_berserking_beasts, basic_altar, serial_bayou_shore_b,
          grunt_megastairs_3
Lair:6:   gammafunk_lair_ancient_temple, layout_big_grid,
          minmay_slime_entry_oklob_open, grunt_forest_stairs_basic,
          kilobyte_rumbling_trees
Snake:1:  layout_rooms, serial_shops, shop_statue, st_stairs_2,
          nicolae_snake_salamander_jacuzzi, uniq_nikola
Snake:2:  layout_onion, spider_trap, st_stairs_5
Snake:3:  grunt_snake_rune_pools, layout_misc_corridors, basic_altar,
          grunt_ministairs_10
Spider:1: layout_spider_delve
Spider:2: layout_spider_delve, zaba_antful_of_joy, nicolae_spider_cling_ruins,
          uniq_frances, uniq_arachne
Spider:3: guppyfry_spider_rune, spider_trap, uniq_asterion
Orc:      st_orc_mages, layout_diamond_mine, basic_altar, serial_shops,
          nicolae_shop_trees, uniq_gastronok, uniq_saint_roka, uniq_sonja,
          uniq_azrael
Vaults:1: hangedman_vaults_snaps, v_misc_12, nicolae_vaults_triangles, v_misc_9,
          vaults_mumra_hex, hangedman_vaults_capsules,
          minmay_crypt_entry_simple_walls, hangedman_vaults_corner_blocks,
          ontoclasm_vaults_ligature, layout_vaults_big_room, serial_shops, shop
Vaults:2: v_misc_26, grunt_vaults_focal, v_misc_18, nicolae_vaults_statue_guard,
          nicolae_vaults_bisected_slash, nicolae_vaults_little_ls,
          ontoclasm_vaults_pinch, vaults_room_hallway, vaults_standard_mumra_x,
          ontoclasm_vaults_idyll, v_misc_5, ontoclasm_vaults_fault,
          layout_vaults_omnigrid
Vaults:3: uniq_jory
Depths:1: layout_gridlike, enter_ziggurat_c, rand_demon_pan_entry_3,
          abyss_entry, chequers_hall_statues_wall_a, hell_entry, minmay_holes,
          grunt_ministairs_7, tso_metal_star
Depths:2: minmay_octagon_city, layout_basic, abyss_entry_crystal,
          pf_hell_entry_great_geh, rand_demon_pan_entry_7,
          okawaru_ov_weapons_minmay
Depths:3: minmay_the_grid_square_5x5_4x4 [minmay_the_grid_square_5x5_plus,
          minmay_the_grid_square_5x5_eight_small,
          minmay_the_grid_square_5x5_sharp_hourglass,
          minmay_the_grid_square_5x5_two,
          minmay_the_grid_square_5x5_pentomino_r,
          minmay_the_grid_square_5x5_prize_deathbox,
          minmay_the_grid_square_5x5_prize_open,
          minmay_the_grid_square_5x5_beaten_path,
          minmay_the_grid_square_5x5_two_walls_a,
          minmay_the_grid_square_5x5_prize_itemx,
          minmay_the_grid_square_5x5_prize_gold,
          minmay_the_grid_square_5x5_inner_v,
          minmay_the_grid_square_5x5_six_small,
          minmay_the_grid_square_5x5_shrine2, minmay_the_grid_square_5x5_slash,
          minmay_the_grid_square_5x5_detours], layout_cave_pools, pan_entry,
          abyss_entry_small_statue_room, hell_entry, kennysheep_treasure_room
Depths:4: minmay_diamond_stairs, layout_gridville, hellmouth_3,
          hangedman_abyss_entry_splay, statue_in_the_mist_lemuel,
          hangedman_abyss_or_decor_jellyfish_corner, onia_ninara_cookie,
          minmay_staircase_statues, minmay_shop_grove, uniq_boris, uniq_mara
Depths:5: evilmike_zot_entry_round, layout_basic, abyss_entry, pan_entry,
          hell_entry, glass_columns_a, infiniplex_staircase_pool_lava

Table legend:
 A = Turns spent in this place as a percentage of turns spent in the entire game.
 B = Non-inter-level travel turns spent in this place as a percentage of non-inter-level travel turns spent in the entire game.
 C = Inter-level travel turns spent in this place as a percentage of turns spent in this place.
 D = Turns resting spent in this place as a percentage of non-inter-level travel turns spent in this place.
 E = Turns spent auto-exploring this place as a percentage of non-inter-level travel turns spent in this place.
 F = Non-inter-level travel turns spent in this place divided by the number of levels of this place that you've seen.
                   A       B       C       D       E      F
               +-------+-------+-------+-------+-------+----------------------
         Total | 100.0 | 100.0 |   7.7 |   8.0 |  66.1 | 807.8
       Dungeon |  37.5 |  37.7 |   7.2 |   4.0 |  73.8 | 888.0
          Lair |  22.8 |  21.3 |  13.6 |   7.3 |  69.7 | 1003.8
     Snake Pit |   9.1 |   9.3 |   6.3 |  10.6 |  63.3 | 874.3
   Spider Nest |   5.2 |   5.3 |   6.3 |   3.4 |  64.2 | 497.7
  Orcish Mines |   2.4 |   2.6 |   1.0 |   0.0 |  72.4 | 724.0
        Vaults |  18.8 |  19.6 |   4.1 |  17.0 |  56.4 | 1844.3
        Depths |   1.3 |   1.2 |  15.4 |   3.2 |   8.2 |  68.2
       Ossuary |   0.6 |   0.6 |   0.0 |   0.0 |  11.7 | 179.0
      Gauntlet |   2.3 |   2.5 |   0.0 |  17.7 |  45.9 | 700.0
               +-------+-------+-------+-------+-------+----------------------

Table legend:
 A = Kills in this place as a percentage of kills in entire the game.
 B = Kills by you in this place as a percentage of kills by you in the entire game.
 C = Kills by friends in this place as a percentage of kills by friends in the entire game.
 D = Other kills in this place as a percentage of other kills in the entire game.
 E = Experience gained in this place as a percentage of experience gained in the entire game.
 F = Experience gained in this place divided by the number of levels of this place that you have seen.
                   A       B       C       D       E      F
               +-------+-------+-------+-------+-------+----------------------
         Total | 100.0 | 100.0 |   N/A | 100.0 | 100.0 | 20568.0
       Dungeon |  24.7 |  24.9 |   N/A |   7.1 |   6.4 | 3847.6
          Lair |  13.3 |  13.4 |   N/A |   0.0 |   7.1 | 8464.8
     Snake Pit |  13.3 |  13.4 |   N/A |   0.0 |  17.9 | 42959.0
   Spider Nest |  11.1 |  11.1 |   N/A |  14.3 |  11.6 | 27894.0
  Orcish Mines |   8.4 |   8.4 |   N/A |   7.1 |   3.1 | 22579.0
        Vaults |  22.6 |  22.2 |   N/A |  64.3 |  44.4 | 106439.7
        Depths |   3.8 |   3.8 |   N/A |   7.1 |   8.6 | 12382.6
       Ossuary |   1.6 |   1.6 |   N/A |   0.0 |   0.0 | 253.0
      Gauntlet |   1.1 |   1.1 |   N/A |   0.0 |   0.9 | 6297.0
               +-------+-------+-------+-------+-------+----------------------
